 Dungeon Crawl Stone Soup version 0.22.1-2-g9c5b331 (webtiles) character file.

289 Heatsaber the Conjurer (level 6, -7/33 HPs)
             Began as a Vine Stalker Conjurer on Dec 23, 2018.
             Was a Follower of Dithmenos.
             Mangled by a hornet zombie (12 damage)
             ... on level 4 of the Dungeon.
             The game lasted 00:26:00 (4083 turns).

Heatsaber the Conjurer (Vine Stalker Conjurer)      Turns: 4083, Time: 00:26:01

Health: -7/33      AC:  6    Str: 11    XL:     6   Next: 31%
Magic:  0/13       EV: 12    Int: 16    God:    Dithmenos [*.....]
Gold:   173        SH:  0    Dex: 15    Spells: 4/13 levels left

rFire    . . .     SeeInvis .   d - +0 dagger
rCold    . . .     Gourm    .   (no shield)
rNeg     . . .     Faith    .   k - +0 leather armour (curse)
rPois    .         Spirit   +   j - +2 helmet
rElec    .         Reflect  .   (no cloak)
rCorr    .         Harm     .   (no gloves)
MR       .....                  (no boots)
Stlth    +++.......             (no amulet)
HPRegen  0.51/turn              m - ring of stealth
MPRegen  0.13/turn              (no ring)

@: wreathed by umbra
A: fangs 2, regeneration 1, magic shield, antimagic bite, no potion heal 3, rot
immunity
a: Renounce Religion


You were on level 4 of the Dungeon.
You worshipped Dithmenos.
Dithmenos was aware of your devotion.
You were hungry.

You visited 1 branch of the dungeon, and saw 5 of its levels.

You collected 173 gold pieces.

Inventory:

Hand Weapons
 d - a +0 dagger (weapon)
Armour
 a - a +0 robe
 e - a +0 leather armour
 i - a +0 ring mail
 j - a +2 helmet (worn)
 k - a cursed +0 leather armour (worn)
 l - a +0 shield
Jewellery
 m - a ring of stealth (left hand)
Wands
 w - a wand of flame (22)
Scrolls
 f - a scroll of remove curse {unknown}
 g - a scroll of amnesia {unknown}
 h - a scroll of blinking {unknown}
 r - a scroll of magic mapping {unknown}
 s - a scroll of identify
 x - 2 scrolls of teleportation {unknown}
 y - a scroll of enchant weapon {unknown}
Potions
 b - 2 potions of curing
 n - a potion of agility {unknown}
 o - 2 potions of brilliance {unknown}
 p - 3 potions of heal wounds {unknown}
 q - 3 potions of mutation
 u - a potion of invisibility {unknown}
 v - a potion of haste {unknown}
Comestibles
 c - 6 rations


   Skills:
 + Level 3.7 Fighting
 + Level 1.4 Short Blades
 - Level 1.5 Dodging
 - Level 2.4 Stealth
 - Level 4.0 Spellcasting
 - Level 4.0 Conjurations
 + Level 1.5 Hexes


You had 4 spell levels left.
You knew the following spells:

 Your Spells              Type           Power        Failure   Level  Hunger
a - Magic Dart            Conj           ###.         4%          1    None
b - Searing Ray           Conj           ###...       6%          2    ##.....
c - Dazzling Spray        Conj/Hex       ##....       22%         3    ###....
d - Confuse               Hex            #.......     34%         3    ###....

Your spell library contained the following spells:

 Spells                   Type           Power        Failure   Level  Hunger
 Corona                   Hex            #......      12%         1    None
 Ensorcelled Hibernation  Hex/Ice        #.....       24%         2    ##.....
 Tukima's Dance           Hex            #.......     34%         3    ###....
 Iskenderun's Mystic Bla  Conj           ###.....     38%         4    ####...
 Fulminant Prism          Conj/Hex       ##........   56%         4    ####...
 Force Lance              Conj/Tloc      #.......     67%         4    ####...


Dungeon Overview and Level Annotations

Branches:
Dungeon (5/15)
 Temple: D:4-7

Altars:
Dithmenos
Hepliaklqana
Makhleb
Okawaru
Wu Jian
Xom


Innate Abilities, Weirdness & Mutations

You have extremely sharp teeth.
Your natural rate of healing is unusually fast.
When hurt, damage is shared between your health and your magic reserves.
Your bite disrupts and absorbs the magic of your enemies.
Potions cannot restore your health.
You are immune to rotting.


Message History

The searing ray hits the hornet zombie.
The hornet zombie is almost destroyed.
The hornet zombie hits you.
The searing ray hits the hornet zombie.
The hornet zombie is almost destroyed.
The hornet zombie hits you.
* * * LOW HITPOINT WARNING * * *
The hornet zombie closely misses you. The hornet zombie barely misses you.
The hornet zombie hits you!
* * * LOW HITPOINT WARNING * * *
Casting: Searing Ray (safe; 6% risk of failure)
Confirm with . or Enter, or press ? or * to list all spells.
Aiming: Magic Dart (safe; 4% risk of failure)
Press: ? - help, Shift-Dir - straight line, f/p - hornet zombie
Aim: a hornet zombie (almost destroyed, umbra)
The magic dart hits the hornet zombie.
The hornet zombie is almost destroyed.
The hornet zombie hits you!
You die...

#.# ##..###... .. #.#
#...#..... #..# #####.#
##.....#.##
#....###....>#
#....##..##
#........####...###.###
.####............##..#
#
#........##.###..##..##
# .........###.#
#......####
######...@Z..#
##.##....#. #....#####
#.##.##... #.##..
#.##.##### #. #.!
#<##.# #. ..#. #.#..#
.# #.#<## ## #.#. ....
....


You could see a hornet zombie.

Vanquished Creatures
  An ice beast (D:4)
  An orc wizard (D:3)
  A gnoll (D:1)
  7 adders
  A shadow imp (D:5)
  An ooze (D:3)
  4 worms
  A dart slug (D:1)
  2 leopard geckos (D:1)
  4 orcs (D:3)
  3 giant cockroaches
  12 goblins
  8 hobgoblins
  4 jackals (D:3)
  2 kobolds
  2 quokkas
  2 ball pythons (D:1)
  8 bats
  2 frilled lizards
  4 rats
70 creatures vanquished.

Notes
Turn   | Place    | Note
-------+----------+-------------------------------------------
     0 | D:1      | Heatsaber the Vine Stalker Conjurer began the quest for the
                  | Orb.
     0 | D:1      | Reached XP level 1. HP: 9/9 MP: 4/4
   367 | D:1      | Reached XP level 2. HP: 14/14 MP: 2/6
   371 | D:1      | Learned a level 2 spell: Searing Ray
   374 | D:1      | Reached skill level 1 in Fighting
   834 | D:1      | Reached XP level 3. HP: 18/18 MP: 4/8
   985 | D:1      | Learned a level 3 spell: Dazzling Spray
  1578 | D:2      | Found a burning altar of Makhleb.
  1691 | D:2      | Found an iron altar of Okawaru.
  1747 | D:2      | Found a shadowy altar of Dithmenos.
  1750 | D:2      | Became a worshipper of Dithmenos the Shadowed
  1929 | D:2      | Gained mutation: Your natural rate of healing is unusually
                  | fast. [Vine Stalker growth]
  1929 | D:2      | Reached XP level 4. HP: 23/23 MP: 3/10
  2227 | D:2      | Found a hazy altar of Hepliaklqana.
  2525 | D:2      | Found an ornate altar of the Wu Jian Council.
  2644 | D:3      | Reached XP level 5. HP: 27/27 MP: 6/11
  2736 | D:3      | Learned a level 3 spell: Confuse
  3565 | D:3      | Reached * piety under Dithmenos
  3878 | D:3      | Found a shimmering altar of Xom.
  3956 | D:4      | Noticed an ice beast
  3972 | D:4      | Killed an ice beast
  3972 | D:4      | Reached skill level 1 in Short Blades
  3972 | D:4      | Reached skill level 1 in Hexes
  3972 | D:4      | Reached XP level 6. HP: 26/33 MP: 3/13
  4035 | D:5      | Entered Level 5 of the Dungeon
  4083 | D:4      | Mangled by a hornet zombie

Skill      XL: |  1  2  3  4  5 |
---------------+----------------+-----
Fighting       | 1 2 3 |  3.7
Spellcasting   | 3 4 |  4.0
Short Blades   | 1 |  1.4
Hexes          | 1 |  1.5
Dodging        | |  1.5
Stealth        | |  2.4
Conjurations   | |  4.0

Action                   |  1- 3 |  4- 6 || total
-------------------------+-------+-------++-------
Melee: Dagger            |    12 |    27 ||    39
       Bite              |     5 |     5 ||    10
 Cast: Magic Dart        |    76 |    42 ||   118
       Searing Ray       |     1 |    19 ||    20
       Confuse           |       |     1 ||     1
  Use: Scroll            |       |     2 ||     2
 Stab: Sleeping          |       |     2 ||     2
  Eat: Chunk             |     3 |     7 ||    10
Armor: Leather armour    |     8 |    16 ||    24
Dodge: Dodged            |     6 |    27 ||    33
